 Dungeon Crawl Stone Soup version 0.24.0-123-gd5b16e6ec5 (webtiles) character file.

Game seed: 8793838457962969633, levelgen mode: deterministic

979 vurker the Twirler (level 7, 0/61 HPs)
             Began as a Minotaur Gladiator on Feb 1, 2020.
             Was a Believer of Okawaru.
             Slain by a gnoll sergeant
             ... wielding a +4 spear of piercing
              (4 damage)
             ... on level 5 of the Dungeon.
             The game lasted 00:06:44 (4332 turns).

vurker the Twirler (Minotaur Gladiator)             Turns: 4332, Time: 00:06:44

Health: 0/61       AC: 10    Str: 21    XL:     7   Next: 96%
Magic:  6/8        EV: 15    Int:  5    God:    Okawaru [**....]
Gold:   266        SH:  0    Dex: 11    Spells: 6/6 levels left

rFire    + . .     SeeInvis .   a - +0 quarterstaff
rCold    . . .     Gourm    .   (shield currently unavailable)
rNeg     . . .     Faith    .   w - +2 scale mail {rF+}
rPois    .         Spirit   .   c - +0 hat
rElec    .         Reflect  .   (no cloak)
rCorr    .         Harm     .   (no gloves)
MR       .....                  (no boots)
Stlth    +.........             s - amulet of the acrobat
HPRegen  0.20/turn              (no ring)
MPRegen  0.11/turn              (no ring)

@: heroism
A: retaliatory headbutt, horns 2
a: Heroism, Renounce Religion


You were on level 5 of the Dungeon.
You worshipped Okawaru.
Okawaru was pleased with you.
You were not hungry.

You visited 1 branch of the dungeon, and saw 5 of its levels.

You collected 266 gold pieces.

Inventory:

Hand Weapons
 a - a +0 quarterstaff (weapon)
 o - a +0 dagger of electrocution
   (You took it off a goblin on level 2 of the Dungeon)
Missiles
 d - 6 throwing nets (quivered)
Armour
 c - a +0 hat (worn)
 w - a +2 scale mail of fire resistance (worn)
   (You found it on level 5 of the Dungeon)
Jewellery
 s - an amulet of the acrobat (around neck)
   (You found it on level 4 of the Dungeon)
Scrolls
 f - 5 scrolls of teleportation {unknown}
 h - 2 scrolls of magic mapping {unknown}
 j - 2 scrolls of identify {unknown}
 l - 2 scrolls of remove curse {unknown}
 q - a scroll of fear {unknown}
Potions
 b - a potion of heal wounds {unknown}
 g - 3 potions of invisibility {unknown}
 i - a potion of brilliance {unknown}
 k - a potion of might {unknown}
 n - 4 potions of curing {unknown}
 p - 3 potions of flight {unknown}
 r - a potion of lignification {unknown}
 t - a potion of haste {unknown}
 u - a potion of agility {unknown}
Comestibles
 e - 6 rations
 v - 13 chunks of flesh


   Skills:
 + Level 5.0(10.0) Fighting
 * Level 7.4(12.4) Staves
 - Level 2.0(7.0) Throwing
 + Level 4.3(9.3) Armour
 + Level 5.1(10.1) Dodging
 + Level 3.2 Invocations


You had 6 spell levels left.
You didn't know any spells.
Your spell library was empty.

Dungeon Overview and Level Annotations

Branches:
Dungeon (5/15)             Temple (0/1) D:4

Altars:
Okawaru
Trog
Beogh

Annotations:
D:4 3 runed translucent doors, trianova's ghost, amateur NaIE


Innate Abilities, Weirdness & Mutations

You reflexively headbutt those who attack you in melee.
You have a pair of horns on your head.


Message History

Okawaru accepts your kill.
Your Fighting skill increases to level 5!
The hound bites you but does no damage.
You closely miss the hound. The hound bites you but does no damage.
A gnoll sergeant comes into view. It is wielding a +4 spear of piercing.
The gnoll hits you with a +0 flail.
You closely miss the hound. Your headbutt misses the hound.
The hound bites you but does no damage. The hound barely misses you.
You thump the hound! The hound barely misses you.
The gnoll hits you but does no damage.
You sock the hound!
You kill the hound!
Okawaru accepts your kill. The gnoll closely misses you.
You barely miss the gnoll. The gnoll hits you with a +0 flail.
The gnoll barely misses you.
You hit the gnoll. The gnoll hits you with a +0 flail!
You hit the gnoll. Your headbutt misses the gnoll.
The gnoll closely misses you.
The gnoll sergeant hits you from afar with a +4 spear of piercing.
The gnoll closely misses you. You furiously retaliate!
You headbutt the gnoll!
You kill the gnoll!
Okawaru accepts your kill.
You completely miss the gnoll. Your headbutt misses the gnoll.
The gnoll hits you with a +0 flail.
The gnoll sergeant hits you from afar with a +4 spear of piercing!
* * * LOW HITPOINT WARNING * * *
* * * LOW HITPOINT WARNING * * *
Some of the chunks of flesh in your inventory have rotted away.
You gain the combat prowess of a mighty hero.
The gnoll closely misses you. You furiously retaliate!
You headbutt the gnoll!
You kill the gnoll!
Okawaru accepts your kill.
The gnoll sergeant hits you but does no damage.
The gnoll sergeant closely misses you. You furiously retaliate!
You headbutt the gnoll sergeant.
You see here a hound corpse.
You closely miss the gnoll sergeant. You headbutt the gnoll sergeant!
The gnoll sergeant hits you with a +4 spear of piercing.
* * * LOW HITPOINT WARNING * * *
* * * LOW HITPOINT WARNING * * *
You hit the gnoll sergeant. You headbutt the gnoll sergeant.
You hit the gnoll sergeant but do no damage.
The gnoll sergeant hits you with a +4 spear of piercing.
* * * LOW HITPOINT WARNING * * *
* * * LOW HITPOINT WARNING * * *
You hit the gnoll sergeant.
The gnoll sergeant hits you with a +4 spear of piercing!
* * * LOW HITPOINT WARNING * * *
You die...

###..........#####..
##.#....##...#######.
####........#..##.....#)
#..........###.##....÷'.
#..........###.##...))'.
#...##.$####....
##+#..#. ... ##†........
#.⌠#. .. ##.).##...
####. . #@)..# .. #..
.......g...# .....
...........# .....
...........# ......
..###.###.... .#.... .
.. #..## ##... ... ..#
### #... ..#


You could see a gnoll sergeant.

Vanquished Creatures
  An ogre (D:4)
  A gnoll sergeant (D:5)
  A scorpion (D:4)
  A crimson imp (D:2)
  A bullfrog zombie (D:5)
  6 hounds
  2 orc priests
  5 orc wizards
  A bullfrog skeleton (D:5)
  A gnoll shaman (D:5)
  2 worker ants
  9 gnolls
  A howler monkey skeleton (D:4)
  An adder (D:3)
  An ooze (D:3)
  4 worms (D:3)
  A dart slug (D:1)
  A leopard gecko (D:1)
  11 orcs
  7 bats
  4 giant cockroaches
  11 goblins
  8 hobgoblins
  2 jackals (D:5)
  4 quokkas
  A ball python (D:2)
  7 frilled lizards
  A jackal zombie (D:5)
  10 kobolds
  A leopard gecko skeleton (D:5)
  17 rats
124 creatures vanquished.

Notes
Turn   | Place    | Note
-------+----------+-------------------------------------------
     0 | D:1      | vurker the Minotaur Gladiator began the quest for the Orb.
     0 | D:1      | Reached XP level 1. HP: 18/18 MP: 0/0
   234 | D:1      | Reached XP level 2. HP: 25/25 MP: 1/1
   245 | D:1      | Reached skill level 4 in Staves
   291 | D:1      | Found an iron altar of Okawaru.
   313 | D:1      | Became a worshipper of Warmaster Okawaru
   379 | D:1      | Reached skill level 1 in Armour
   664 | D:1      | Reached XP level 3. HP: 26/30 MP: 2/2
  1034 | D:2      | Reached XP level 4. HP: 33/38 MP: 3/3
  1105 | D:2      | Reached skill level 1 in Invocations
  1762 | D:3      | Reached skill level 5 in Staves
  1762 | D:3      | Reached XP level 5. HP: 45/45 MP: 3/5
  1776 | D:3      | Reached * piety under Okawaru
  2469 | D:3      | Noticed a moth of wrath
  2472 | D:3      | Found a bloodstained altar of Trog.
  2984 | D:4      | Found a staircase to the Ecumenical Temple.
  3002 | D:4      | Reached XP level 6. HP: 48/52 MP: 6/6
  3205 | D:4      | Found a runed translucent gate.
  3207 | D:4      | Identified the cursed +0 scale mail "Yxagus Ama" {rF+}
  3208 | D:4      | Found a runed translucent gate.
  3208 | D:4      | Noticed trianova's ghost (amateur NaIE)
  3209 | D:4      | Found a runed translucent gate.
  3219 | D:4      | Found a roughly hewn altar of Beogh.
  3265 | D:4      | Reached skill level 6 in Staves
  3339 | D:4      | Found a bloodstained altar of Trog.
  4010 | D:5      | Entered Level 5 of the Dungeon
  4017 | D:5      | Reached XP level 7. HP: 60/60 MP: 7/7
  4046 | D:5      | Reached ** piety under Okawaru
  4259 | D:5      | Reached skill level 7 in Staves
  4262 | D:5      | Reached skill level 5 in Dodging
  4318 | D:5      | Reached skill level 5 in Fighting
  4332 | D:5      | Slain by a gnoll sergeant

Levels and vault maps discovered:
D:1:      giann_wishing_wells, layout_basic, okawaru_ov_weapons_minmay
D:2:      layout_basic, first_ration, grunt_decor_arrowhead
D:3:      layout_basic, tgw_trog, minmay_unequal
D:4:      layout_gridville, minmay_temple_entry_drinking_statues,
          biasface_ghost_orc_armoury, minmay_misc_feat_enclosed,
          roderic_serpentine_path, trog_three_pillars_becter
D:5:      layout_cave_pools, nicolae_ru_path_of_blood,
          chequers_temple_overflow_statue_of_worship, serial_gnoll_camp,
          gnoll_camp_mini_house, gnoll_camp_mini_basic, gnoll_camp_mini_basic,
          gnoll_camp_mini_basic, serial_shops, shop

Skill      XL: |  1  2  3  4  5  6  7 |
---------------+----------------------+-----
Staves         | 4 5 6 7 |  7.4
Armour         | 1 2 3 4 |  4.3
Fighting       | 3 4 5 |  5.0
Invocations    | 1 2 3 |  3.2
Dodging        | 4 5 |  5.1
Throwing       | |  2.0

Action                   |  1- 3 |  4- 6 |  7- 9 || total
-------------------------+-------+-------+-------++-------
Melee: Quarterstaff      |    77 |   157 |    74 ||   308
       Headbutt          |     9 |    31 |     9 ||    49
Invok: Heroism           |       |       |     1 ||     1
  Eat: Chunk             |       |     9 |     2 ||    11
Armor: Scale mail        |     7 |       |     8 ||    15
       Leather armour    |     1 |       |       ||     1
       Chain mail        |    11 |       |       ||    11
       Plate armour      |    20 |    87 |    28 ||   135
Dodge: Dodged            |    36 |    48 |    49 ||   133
